 Dungeon Crawl Stone Soup version 0.27-a0-343-gfcad680f63 (webtiles) character file.

Game seed: 16822698522771025640

277 tilp the Insei (level 6, -7/43 HPs)
             Began as an Octopode Transmuter on Feb 14, 2021.
             Was a Follower of Makhleb.
             Mangled by a worker ant (8 damage)
             ... on level 4 of the Dungeon.
             The game lasted 00:05:22 (4749 turns).

tilp the Insei (Octopode Transmuter)                Turns: 4749, Time: 00:05:22

Health: -7/43      AC:  1    Str: 10    XL:     6   Next: 26%
Magic:  9/9        EV: 13    Int: 17    God:    Makhleb [*.....]
Gold:   145        SH:  0    Dex: 12    Spells: 5/9 levels left

rFire    . . .     SeeInvis .   a - +4 hunting sling (flame)
rCold    . . .     Faith    .   (no shield)
rNeg     . . .     Spirit   .   (helmet restricted)
rPois    .         Reflect  .   (no amulet)
rElec    .         Harm     .   (no ring)
rCorr    .         Rampage  .   (no ring)
Will     .....                  (no ring)
Stlth    +++.......             (no ring)
HPRegen  0.14/turn              (no ring)
MPRegen  0.11/turn              (no ring)
                                (no ring)
                                (no ring)

@: berserk cooldown, slowed, very slow
A: almost no armour, stealthy swim, amphibious, 8 rings, constrict 8, camouflage
1, gelatinous body 1
a: Renounce Religion


You were on level 4 of the Dungeon.
You worshipped Makhleb.
Makhleb was aware of your devotion.
You visited 1 branch of the dungeon, and saw 4 of its levels.

You collected 145 gold pieces.

Inventory:

Hand Weapons
 a - a +4 hunting sling of flaming (weapon)
Missiles
 h - 72 stones (quivered ammo)
 k - 23 sling bullets
Jewellery
 b - a ring of ice
Scrolls
 g - a scroll of fear
 i - a scroll of blinking {unknown}
 j - a scroll of magic mapping {unknown}
 o - a scroll of teleportation {unknown}
Potions
 c - a potion of might
 e - a potion of magic {unknown}
 l - 3 potions of mutation
 m - a potion of attraction {unknown}
 n - 2 potions of brilliance


   Skills:
 - Level 4.0 Fighting
 - Level 2.0 Dodging
 - Level 4.0 Stealth
 + Level 4.6 Unarmed Combat
 - Level 2.0 Spellcasting
 - Level 2.0 Transmutations


You had 5 spell levels left.
You knew the following spells:

 Your Spells              Type           Power        Failure   Level
a - Beastly Appendage     Tmut           16%          9%          1
b - Wereblood             Tmut           8%           13%         2
c - Corona                Hex            1%           19%         1

Your spell library contained the following spells:

 Spells                   Type           Power        Failure   Level
 Ensorcelled Hibernation  Hex/Ice        2%           28%         2
 Spider Form              Tmut/Pois      2%           36%         3
 Confusing Touch          Hex            1%           50%         3
 Dazzling Flash           Conj/Hex       2%           50%         3
 Tukima's Dance           Hex            1%           50%         3
 Ice Form                 Ice/Tmut       5%           77%         4
 Blade Hands              Tmut           4%           93%         5


Dungeon Overview and Level Annotations

Branches:
Dungeon (4/15)
 Temple: D:4-7

Altars:
Ashenzari
Dithmenos
Makhleb
Qazlal
Trog
Wu Jian
Zin


Innate Abilities, Weirdness & Mutations

You cannot wear most types of armour.
You are very stealthy in the water. (Stealth+)
You are amphibious.
You can wear up to eight rings at the same time.
You can use your tentacles to constrict eight enemies at once.
Your skin changes colour to match your surroundings (Stealth+).
Your rubbery body absorbs attacks. (AC +1, EV +1)


Message History

Aim: a phantom (heavily damaged, 54% to hit)
You shoot a stone. The stone closely misses the phantom.
The phantom hits you!
* * * LOW HITPOINT WARNING * * *
Fire: 74 stones
Press: ? - help, Q - select action, (/) - cycle Shift-Dir - straight line, f/p - phantom
Aim: a phantom (heavily damaged, 54% to hit)
You shoot a stone. The stone hits the phantom.
The stone burns the phantom.
The phantom is severely damaged.
The worker ant closely misses you. The phantom barely misses you.
Fire: 73 stones
Press: ? - help, Q - select action, (/) - cycle Shift-Dir - straight line, f/p - phantom
Aim: a phantom (severely damaged, 54% to hit)
You shoot a stone.
The stone completely misses the phantom.
The worker ant bites you!
* * * LOW HITPOINT WARNING * * *
The phantom hits you.
* * * LOW HITPOINT WARNING * * *
The phantom blinks!
You blink.
Found 23 stones.
Unknown command.
Found a leather armour.
It was a potion of berserk rage.
A red film seems to cover your vision as you go berserk!
You feel yourself moving faster!
You feel mighty! The phantom closely misses you.
You are too berserk!
You feel a strong urge to attack something.
Found a stone staircase leading down.
You feel your anger nearly subside.
You are no longer berserk.
You are exhausted.
You feel yourself slow down. The phantom misses you.
The phantom closely misses you. The worker ant completely misses you.
The phantom misses you. The worker ant bites you.
* * * LOW HITPOINT WARNING * * *
The worker ant bites you!
You die...

.....###......[......# ...###
#.....#.......# ...#
#...#.#.......# ...#
#...#.#.......# .....#
#...#.##......# #....#
#.............#######
#......#...................
.......###..>..W##.......#######
..(?...###.#...B@<.......'..[..#
..(..(..(..#...r.#.......#####.#
..##....(..........).....'.# #.#
#........##.##........#.# #.#
#........#...#..#'#####.###.#
#........#...#.....# #...#.#
###....###...###...# ###.#.#
######...#⌠.##+##.⌠#..### #.#.#
.........#.........#....## #.#.#


You could see a phantom, a worker ant and a quokka.

Vanquished Creatures
  A bullfrog (D:3)
  2 orc priests
  A worker ant (D:4)
  An orc wizard (D:3)
  A hound skeleton (D:4)
  2 adders (D:3)
  3 worms
  A dart slug (D:3)
  3 leopard geckos
  6 orcs (D:3)
  2 giant cockroaches
  5 goblins
  5 hobgoblins
  3 jackals
  2 quokkas
  7 bats
  4 frilled lizards
  10 kobolds
  A quokka skeleton (D:4)
  9 rats
69 creatures vanquished.

Notes
Turn   | Place    | Note
-------+----------+-------------------------------------------
     0 | D:1      | tilp the Octopode Transmuter began the quest for the Orb.
     0 | D:1      | Reached XP level 1. HP: 13/13 MP: 3/3
   155 | D:1      | Reached skill level 1 in Stealth
   557 | D:1      | Reached XP level 2. HP: 18/18 MP: 3/5
   560 | D:1      | Learned a level 2 spell: Wereblood
  1378 | D:2      | Reached XP level 3. HP: 19/23 MP: 4/6
  1475 | D:2      | Learned a level 1 spell: Corona
  1969 | D:2      | Found a burning altar of Makhleb.
  2076 | D:2      | Became a worshipper of Makhleb the Destroyer
  2364 | D:3      | Reached XP level 4. HP: 20/29 MP: 4/7
  2621 | D:3      | Noticed a bullfrog
  2630 | D:3      | Killed a bullfrog
  2631 | D:3      | Reached XP level 5. HP: 24/36 MP: 6/8
  2788 | D:3      | Found an ornate altar of the Wu Jian Council.
  2967 | D:3      | Found a shadowy altar of Dithmenos.
  2968 | D:3      | Found a bloodstained altar of Trog.
  2969 | D:3      | Found a glowing silver altar of Zin.
  3025 | D:3      | Noticed a water elemental
  3026 | D:3      | Found a stormy altar of Qazlal.
  3029 | D:3      | Noticed a fire elemental
  3029 | D:3      | Noticed an air elemental
  3385 | D:3      | Reached * piety under Makhleb
  4274 | D:3      | Reached XP level 6. HP: 21/43 MP: 9/9
  4564 | D:4      | Found a broken altar of Ashenzari.
  4748 | D:4      | HP: 1/43 [worker ant (4)]
  4749 | D:4      | Mangled by a worker ant

Illustrated notes

Levels and vault maps discovered:
D:1:      evilmike_arrival_crescent, layout_basic
D:2:      layout_basic, lightli_temple_of_fire
D:3:      layout_loops_corners, lemuel_round_altar,
          gammafunk_temple_overflow_claw, nicolae_qazlal_style_of_elements,
          nrook_mini_backslash, minmay_randomly_rotated_circles
D:4:      layout_basic, evilmike_ruin_ashenzari, minmay_cupped, uniq_pikel

Skill      XL: |  1  2  3  4  5  6 |
---------------+-------------------+-----
Stealth        | 2 3 4 |  4.0
Fighting       | 2 3 4 |  4.0
Unarmed Combat | 4 |  4.6
Dodging        | |  2.0
Spellcasting   | |  2.0
Transmutations | |  2.0

Action                   |  1- 3 |  4- 6 || total
-------------------------+-------+-------++-------
Melee: Unarmed           |    71 |    30 ||   101
       Constrict         |    23 |     8 ||    31
       Tentacles         |     9 |     7 ||    16
       Kick              |     8 |     8 ||    16
       Punch             |     2 |     1 ||     3
 Fire: Hunting sling     |    31 |    65 ||    96
 Cast: Beastly Appendage |    18 |     5 ||    23
       Wereblood         |     2 |     2 ||     4
       Corona            |     1 |     2 ||     3
  Use: Scroll            |       |     6 ||     6
       Potion            |       |     1 ||     1
 Stab: Sleeping          |     5 |       ||     5
Armor: Skin              |     6 |     3 ||     9
Dodge: Dodged            |    37 |    38 ||    75

Table legend: (Time is in decaauts)
 A = Elapsed time spent in this place.
 B = Non-inter-level travel time spent in this place.
 C = Inter-level travel time spent in this place.
 D = Time resting spent in this place.
 E = Time spent auto-exploring this place.
 F = Levels seen in this place.
 G = Mean time per level.
                   A        B        C        D        E       F      G
               +--------+--------+--------+--------+--------+-----+--------+
         Total |   4758 |   4666 |     92 |   1077 |   3076 |   4 | 1189.5 |
       Dungeon |   4758 |   4666 |     92 |   1077 |   3076 |   4 | 1189.5 |
               +--------+--------+--------+--------+--------+-----+--------+

Top non-repeatable levels by time:
     D:3: 2318 daAuts
     D:2: 1121 daAuts
     D:1: 978 daAuts
     D:4: 339 daAuts
